 Dungeon Crawl Stone Soup version 0.30.1-11-g7821555f0a (webtiles) character file.

Game seed: 6742145265067865533

1 Philippstinkt the Covert (level 1, 23/23 HPs)
             Began as a Gnoll Delver on Nov 25, 2023.
             Quit the game on level 5 of the Dungeon.
             The game lasted 00:01:33 (112 turns).

Philippstinkt the Covert (Gnoll Delver)              Turns: 112, Time: 00:01:34

Health: 23/23      AC:  6    Str: 11    XL:     1   Next: 20%
Magic:  1/1        EV: 13    Int:  9    God:
Gold:   13         SH:  0    Dex: 13    Spells: 0/0 levels left

rFire   . . .        a - +0 hand axe
rCold   . . .        (no shield)
rNeg    . . .        b - +0 leather armour
rPois   .            (no helmet)
rElec   .            (no cloak)
rCorr   .            i - +2 pair of gloves
SInv    .            (no boots)
Will    .....        (no amulet)
Stlth   ++++         (no ring)
HPRegen 0.23/turn    (no ring)
MPRegen 0.07/turn

%: no passive effects
@: no status effects
A: fangs 1, strong nose, distributed training
a: no special abilities


You were on level 5 of the Dungeon.
You visited 1 branch of the dungeon, and saw 2 of its levels.

You collected 13 gold pieces.

Inventory:

Hand Weapons
 a - a +0 hand axe (weapon)
Armour
 b - a +0 leather armour (worn)
 i - a +2 pair of gloves (worn)
Wands
 g - a wand of digging (3)
Scrolls
 c - a scroll of fog
 d - a scroll of magic mapping
 e - a scroll of fear
 h - a scroll of amnesia {unknown}
Potions
 f - a potion of haste


   Skills:
 + Level 6.4 Fighting
 + Level 0.0 Short Blades
 + Level 0.0 Long Blades
 + Level 4.4 Axes
 + Level 0.0 Maces & Flails
 + Level 0.0 Polearms
 + Level 0.0 Staves
 + Level 0.0 Ranged Weapons
 + Level 0.0 Throwing
 + Level 0.0 Armour
 + Level 4.4 Dodging
 + Level 9.5 Stealth
 + Level 0.0 Shields
 + Level 0.0 Unarmed Combat
 + Level 0.0 Spellcasting
 + Level 0.0 Conjurations
 + Level 0.0 Hexes
 + Level 0.0 Summonings
 + Level 0.0 Necromancy
 + Level 0.0 Translocations
 + Level 0.0 Transmutations
 + Level 0.0 Fire Magic
 + Level 0.0 Ice Magic
 + Level 0.0 Air Magic
 + Level 0.0 Earth Magic
 + Level 0.0 Poison Magic
 + Level 0.0 Invocations
 + Level 0.0 Evocations


You couldn't memorise any spells.
You didn't know any spells.
Your spell library was empty.

Dungeon Overview and Level Annotations

Branches:
Dungeon (6/15)
 Temple: D:4-7

Altars:


Innate Abilities, Weirdness & Mutations

You have very sharp teeth.
Your uncanny sense of smell can sniff out nearby items.
Your experience applies equally to all skills.


Message History

The jackal bites you but does no damage. x2
You barely miss the jackal.
The jackal is severely wounded.
The jackal barely misses you.
You barely miss the jackal. Your bite misses the jackal.
The jackal is severely wounded.
The jackal closely misses you. x2
You barely miss the jackal. Your bite misses the jackal.
The jackal is severely wounded.
The jackal bites you.
You closely miss the jackal.
The jackal is severely wounded.
The jackal bites you. The jackal closely misses you.
You closely miss the jackal. Your punch misses the jackal.
Your bite misses the jackal.
The jackal is heavily wounded.
The jackal closely misses you.
You hit the jackal.
You kill the jackal!
There is a stone staircase leading down here.
Found a scroll labelled BEDWIH ZYGYAC.
Found a pair of glowing gloves.
h - a scroll labelled BEDWIH ZYGYAC You see here a +2 pair of gloves.
You start putting on your armour.
You continue putting on your +2 pair of gloves. x4
You finish putting on your +2 pair of gloves.
Found a scroll labelled BEDWIH ZYGYAC.
A hound comes into view.
Found 12 gold pieces.
Found a stone staircase leading down.
There is a stone staircase leading down here.
You climb downwards.
You hear the sound of rushing water.
There is an entrance to a sewer on this level.
Hurry and find it before the portal rusts away!
Found a square filigree amulet.
Found a stone staircase leading down.
There is a stone staircase leading up here.
You climb upwards.
There is a stone staircase leading down here.
Are you sure you want to abandon this character and quit the game? (Confirm with "yes".)

.. #.# #l#
#.######### #.#
#........>. #.#
########### #.#
#.# ### #.# #..
#.# #..
#@##############..
#.....>...........
##################


You could see an iguana (asleep).

Vanquished Creatures
  A jackal (D:5)
1 creature vanquished.

Notes
Turn   | Place    | Note
-------+----------+-------------------------------------------
     0 | D:5      | Reached skill level 9 in Stealth
     0 | D:5      | Philippstinkt the Gnoll Delver began the quest for the Orb.
     0 | D:5      | Reached XP level 1. HP: 23/23 MP: 1/1
    14 | D:5      | Noticed an iguana
    62 | D:5      | Noticed a hound
   104 | D:6      | Noticed an orc wizard
   104 | D:6      | Noticed an orc wizard
   104 | D:6      | Noticed a howler monkey
   112 | D:5      | Quit the game

Illustrated notes

Levels and vault maps discovered:
D:5:      layout_loops_ring
D:6:      layout_loops_ring, minmay_temple_entry_proselytizer, serial_shops,
          nicolae_shop_tiny_real_fake_doors, cheibrodos_sewer_entry_sluice,
          grunt_ministairs_10

Skill      XL: | |
---------------+-+-----
Stealth        | |  9.5
Fighting       | |  6.4
Axes           | |  4.4
Dodging        | |  4.4

Action                     || total
---------------------------++-------
  Melee: Hand axe          ||     8
         Bite              ||     1
 Armour: Leather armour    ||     3
  Dodge: Dodged            ||     5
